 Dungeon Crawl Stone Soup version 0.27.1-34-g3ba077fa99 (webtiles) character file.

Game seed: 6258612653446296697

96 zeram the Skirmisher (level 4, 0/40 HPs)
             Began as a Hill Orc Fighter on Jan 22, 2022.
             Slain by a gnoll (3 damage)
             ... on level 3 of the Dungeon.
             The game lasted 00:03:54 (2617 turns).

zeram the Skirmisher (Hill Orc Fighter)             Turns: 2617, Time: 00:03:56

Health: 0/40       AC:  7    Str: 19    XL:     4   Next: 67%
Magic:  4/4        EV:  7    Int:  8    God:
Gold:   47         SH:  9    Dex: 10    Spells: 3/3 levels left

rFire    . . .     SeeInvis .   a - +0 war axe
rCold    . . .     Faith    .   c - +0 kite shield
rNeg     . . .     Spirit   .   b - +0 scale mail
rPois    .         Reflect  .   (no helmet)
rElec    .         Harm     .   (no cloak)
rCorr    .         Rampage  .   (no gloves)
Will     .....                  (no boots)
Stlth    ..........             (no amulet)
HPRegen  0.13/turn              (no ring)
MPRegen  0.09/turn              (no ring)

@: mighty
A: no striking features
a: no special abilities


You were on level 3 of the Dungeon.
You visited 1 branch of the dungeon, and saw 3 of its levels.

You collected 47 gold pieces.

Inventory:

Hand Weapons
 a - a +0 war axe (weapon)
Missiles
 g - 9 poisoned darts (quivered)
Armour
 b - a +0 scale mail (worn)
 c - a +0 kite shield (worn)
Potions
 e - a potion of resistance {unknown}
 f - a potion of haste {unknown}
 h - 3 potions of attraction
 i - 2 potions of degeneration {unknown}


   Skills:
 + Level 4.2 Fighting
 + Level 4.0 Axes
 + Level 4.1 Armour
 + Level 0.2 Dodging
 + Level 4.0 Shields


You had 3 spell levels left.
You didn't know any spells.
Your spell library was empty.

Dungeon Overview and Level Annotations

Branches:
Dungeon (3/15)

Altars:

Shops:
D:3 [


Message History

You barely miss the gnoll.
The gnoll is heavily wounded.
You hit the adder. The adder bites you but does no damage.
The gnoll closely misses you. The gnoll hits you but does no damage.
The adder bites you but does no damage. The gnoll barely misses you.
Unknown command.
Unknown command.
You hit the adder.
The adder is heavily wounded.
You closely miss the gnoll. The adder completely misses you.
You block the gnoll's attack. x2; The adder bites you.
You slash the adder!
You kill the adder!
You closely miss the gnoll. You block the gnoll's attack. x3
The gnoll hits you from afar with a +0 spear.
The gnoll hits you but does no damage.
You slash the gnoll!
You kill the gnoll!
You hit the gnoll.
The gnoll hits you but does no damage. x2
The gnoll barely misses you.
The gnoll hits you from afar with a +0 halberd!
Your Axes skill increases to level 4!
You hit the gnoll.
The gnoll is severely wounded.
The gnoll barely misses you. The gnoll closely misses you.
The gnoll hits you but does no damage.
The gnoll hits you from afar with a +0 spear.
The gnoll hits you with a +0 flail! The gnoll closely misses you.
Unknown command.
You are too injured to fight recklessly!
Unknown command.
You feel very mighty all of a sudden.
Your scale mail prevents you from hitting the gnoll.
The gnoll is severely wounded.
The gnoll closely misses you. The gnoll hits you with a +0 flail.
* * * LOW HITPOINT WARNING * * *
The gnoll hits you from afar with a +0 halberd.
* * * LOW HITPOINT WARNING * * *
The gnoll hits you with a +0 flail.
You die...

........# #.......###
........#########.........#
........##.........###....#
........##.......>.###....#
§...................>+....#
≈...#...##.........###....#
§§...#####.........# #....#
.)≈..########.########....#
∩..≈..##.....ggg@.......###
..≈...##.####.###########
.≈.§...# #...)....#
≈...(..#. #.#.......#
#........ #.#..###..#
#.....#.. # #..# .#
#.....#.. .... .####....
.... .# .... ....#


You could see 3 gnolls.

Vanquished Creatures
  2 gnolls
  3 adders
  3 worms (D:2)
  A bat (D:1)
  6 endoplasms
  3 giant cockroaches
  6 goblins (D:2)
  A hobgoblin (D:1)
  A quokka (D:1)
  4 ball pythons
  3 frilled lizards
  6 kobolds
  3 rats
42 creatures vanquished.

Notes
Turn   | Place    | Note
-------+----------+-------------------------------------------
     0 | D:1      | zeram the Hill Orc Fighter began the quest for the Orb.
     0 | D:1      | Reached XP level 1. HP: 19/19 MP: 1/1
   444 | D:1      | Found a faded altar of an unknown god.
   450 | D:1      | Reached XP level 2. HP: 25/27 MP: 2/2
  1145 | D:1      | Reached XP level 3. HP: 31/33 MP: 3/3
  1986 | D:2      | Reached XP level 4. HP: 40/40 MP: 4/4
  2537 | D:3      | Found Nomocot's Armour Shop.
  2617 | D:3      | Slain by a gnoll

Illustrated notes

Levels and vault maps discovered:
D:1:      amcnicky_arrival_abandoned_market, layout_basic,
          dreamdust_ecumenical_altar_statues
D:2:      cheibrodos_helix_gallery, layout_loops_corners, nrook_campfire
D:3:      layout_basic, serial_shops, nicolae_shop_behind_doors,
          nicolae_shop_waterfront, nicolae_diamond_shop, nicolae_diamond_shop,
          ebering_ghost_sewer_d

Skill      XL: |  1  2  3  4 |
---------------+-------------+-----
Fighting       | 4 |  4.2
Axes           | 3 4 |  4.0
Armour         | 4 |  4.1
Shields        | 4 |  4.0
Dodging        | |  0.2

Action                   |  1- 3 |  4- 6 || total
-------------------------+-------+-------++-------
Melee: War axe           |   100 |    36 ||   136
  Use: Scroll            |     3 |       ||     3
       Potion            |       |     1 ||     1
Armor: Scale mail        |    37 |    21 ||    58
Dodge: Dodged            |    31 |    15 ||    46
Block: Kite shield       |    70 |    12 ||    82
